 Dungeon Crawl Stone Soup version 0.31-a0-112-gdf0485fa37 (webtiles) character file.

Game seed: 17687705532164310187

870 Querens the Magician (level 7, -14/36 HPs)
             Began as a Deep Elf Conjurer on May 28, 2023.
             Was an Initiate of Vehumet.
             Killed from afar by Dowan (28 damage)
             ... with a shard of ice
             ... on level 6 of the Dungeon.
             The game lasted 00:14:07 (3367 turns).

Querens the Magician (Deep Elf Conjurer)            Turns: 3367, Time: 00:14:08

Health: -14/36     AC:  4    Str:  4    XL:     7   Next: 73%
Magic:  20/20      EV: 13    Int: 25    God:    Vehumet [......]
Gold:   334        SH:  5    Dex: 19    Spells: 10/21 levels left

rFire   . . .        q - +0 dagger (venom)
rCold   . . .        (no shield)
rNeg    . . .        a - +0 robe
rPois   .            p - +0 helmet
rElec   .            (no cloak)
rCorr   .            k - +0 pair of gloves
SInv    .            (no boots)
Will    .....        m - amulet of reflection
Stlth   ++           f - +6 ring of dexterity
HPRegen 0.26/turn    (no ring)
MPRegen 0.17/turn

%: reflection
@: no status effects
A: no striking features
a: Renounce Religion


You were on level 6 of the Dungeon.
You worshipped Vehumet.
Vehumet was noncommittal.
You visited 1 branch of the dungeon, and saw 6 of its levels.

You collected 334 gold pieces.

Inventory:

Hand Weapons
 q - a +0 dagger of venom (weapon)
Armour
 a - a +0 robe (worn)
 k - a +0 pair of gloves (worn)
 p - a +0 helmet (worn)
Jewellery
 f - a +6 ring of dexterity (left hand)
 m - an amulet of reflection (around neck)
Wands
 x - a wand of flame (26)
 A - a wand of quicksilver (3)
Scrolls
 d - a scroll of noise {unknown}
 e - 2 scrolls of immolation {unknown}
 l - 4 scrolls of identify {unknown}
 n - a scroll of enchant weapon {unknown}
 t - a scroll of amnesia {unknown}
 v - a scroll of brand weapon {unknown}
 w - 2 scrolls of teleportation {unknown}
 y - a scroll of enchant armour {unknown}
Potions
 c - 2 potions of mutation {unknown}
 g - 3 potions of curing
 h - 2 potions of haste {unknown}
 i - 3 potions of lignification {unknown}
 j - 3 potions of degeneration {unknown}
 o - 2 potions of resistance {unknown}
 r - a potion of enlightenment {unknown}
 s - 2 potions of cancellation {unknown}
 u - a potion of might {unknown}
 z - 2 potions of brilliance {unknown}


   Skills:
 - Level 2.4 Dodging
 - Level 2.4 Stealth
 + Level 7.7 Spellcasting
 + Level 7.4 Conjurations
 + Level 4.3 Translocations


You had 10 spell levels left.
You knew the following spells:

 Your Spells              Type           Power      Damage    Failure   Level
a - Magic Dart            Conj           100%       1d8       1%          1
b - Searing Ray           Conj           92%        2d7       1%          2
c - Iskenderun's Mystic   Conj/Tloc      39%        2d9       5%          4
d - Fulminant Prism       Conj/Hex       14%        3d8       14%         4

Your spell library contained the following spells:

 Spells                   Type           Power      Damage    Failure   Level
 Blink                    Tloc           62%        N/A       1%          2
 Lesser Beckoning         Tloc           62%        N/A       1%          2
 Momentum Strike          Conj/Tloc      78%        3d10      1%          2
 Dazzling Flash           Conj/Hex       56%        N/A       4%          3
 Stone Arrow              Conj/Erth      56%        3d10      4%          3
 Sandblast                Erth           18%        2d7       6%          1
 Passwall                 Tmut/Erth      7%         N/A       10%         2
 Sublimation of Blood     Necr           9%         N/A       10%         2
 Irradiate                Conj/Tmut      14%        3d16      36%         5
 Cause Fear               Hex            4%         N/A       52%         4
 Petrify                  Tmut/Erth      9%         N/A       52%         4
 Dragon Form              Tmut           4%         N/A       100%        7
 Dragon's Call            Summ           4%         N/A       100%        9


Dungeon Overview and Level Annotations

Branches:
Dungeon (6/15)
 Temple: D:4-7

Altars:
Fedhas
Gozag
Makhleb
Uskayaw
Vehumet
Xom
Zin
The Shining One

Shops:
D:3 [

Annotations:
D:2 1 runed translucent door, Crazy Yiuf
D:6 Dowan


Message History

Unknown command.
Unknown command.
Casting: Iskenderun's Mystic Blast (quite dangerous; 6% risk of failure)
Confirm with . or Enter, or press ? or * to list all spells.
Aiming: Searing Ray (safe; 1% risk of failure)
Press: ? - help, Shift-Dir - straight line, f/p - Duvessa
Aim: Duvessa, wielding a +2 short sword of holy wrath and wearing a +0 chain mail (almost dead, 89% to hit)
The searing ray hits Duvessa.
Duvessa is almost dead. (Press . to maintain the ray.) Duvessa says, "When magic and the sword combine, nothing stands against them."
The searing ray hits Duvessa but does no damage.
Duvessa is almost dead.
The searing ray hits Duvessa.
Duvessa is almost dead.
Duvessa closely misses you.
The searing ray hits Duvessa but does no damage.
Duvessa is almost dead.
You finish channelling your searing ray.
Duvessa hits you with a +2 short sword of holy wrath!
* * * LOW HITPOINT WARNING * * *
You feel better. You block Duvessa's attack.
Casting: Searing Ray (safe; 1% risk of failure)
Confirm with . or Enter, or press ? or * to list all spells.
The spell is quite dangerous to miscast (6% risk of failure)!
Continue anyway?
You erupt in a blast of force!
The mystic blast hits Duvessa.
You kill Duvessa!
Vehumet accepts your kill.
You hear a distant wail of despair.
You hear a shout!
Unknown command.
Unknown command.
Dowan seems to find hidden reserves of power!
Things that are here:
a +2 short sword of holy wrath; a +0 chain mail Magic courses through your body.
Dowan hits you with a +0 dagger. Dowan casts a spell at you.
The shard of ice hits you!!
Ouch! That really hurt!
You die...

#># #>#
#.# #.#
#.# #.#
#.# #.#
#@#
#e########
#........e
##########


You could see Dowan (fast).

Vanquished Creatures
  Sigmund (D:5)
  Eustachio (D:5)
  Duvessa (D:6)
  An ogre (D:5)
  A phantom (D:5)
  2 jellies (D:4)
  An orc priest (D:3)
  A hound (D:4)
  Terence (D:2)
  Robin (D:3)
  3 adders
  2 ufetubi
  2 worms (D:2)
  2 dart slugs
  9 orcs
  3 bats
  9 endoplasms
  2 giant cockroaches
  15 goblins
  14 hobgoblins
  3 jackals (D:2)
  9 kobolds
  A quokka (D:2)
  10 ball pythons
  3 frilled lizards
  3 rats
101 creatures vanquished.

Vanquished Creatures (others)
  An angel (D:4)
1 creature vanquished.

Grand Total: 102 creatures vanquished

Notes
Turn   | Place    | Note
-------+----------+-------------------------------------------
     0 | D:1      | Querens the Deep Elf Conjurer began the quest for the Orb.
     0 | D:1      | Reached XP level 1. HP: 10/10 MP: 6/6
   291 | D:1      | Reached XP level 2. HP: 15/15 MP: 0/8
   298 | D:1      | Learned a level 2 spell: Searing Ray
   347 | D:1      | Found a faded altar of an unknown god.
   717 | D:1      | Reached skill level 5 in Conjurations
   852 | D:2      | Reached XP level 3. HP: 19/19 MP: 10/10
   919 | D:2      | Noticed Terence
   984 | D:2      | Killed Terence
  1209 | D:2      | Reached XP level 4. HP: 24/24 MP: 5/12
  1526 | D:2      | Found a runed translucent door.
  1527 | D:2      | Noticed Crazy Yiuf
  1648 | D:3      | Found Giem's Antique Armour Shoppe.
  1662 | D:3      | Found a blossoming altar of Fedhas.
  1691 | D:3      | Found a burning altar of Makhleb.
  1790 | D:3      | Noticed Robin
  1802 | D:3      | Reached skill level 5 in Spellcasting
  1862 | D:3      | Killed Robin
  2071 | D:3      | Found a glowing golden altar of the Shining One.
  2217 | D:3      | Learned a level 4 spell: Iskenderun's Mystic Blast
  2222 | D:3      | Learned a level 4 spell: Fulminant Prism
  2251 | D:3      | Reached XP level 5. HP: 28/28 MP: 10/15
  2369 | D:4      | Reached skill level 1 in Translocations
  2385 | D:4      | Noticed an angel
  2386 | D:4      | Found a shimmering altar of Xom.
  2386 | D:4      | Found a glowing silver altar of Zin.
  2497 | D:4      | Found a hide-covered altar of Uskayaw.
  2535 | D:4      | Killed an angel
  2585 | D:4      | Reached XP level 6. HP: 31/32 MP: 13/17
  2644 | D:5      | Entered Level 5 of the Dungeon
  2646 | D:5      | Noticed Sigmund
  2654 | D:5      | Killed Sigmund
  2699 | D:5      | Reached XP level 7. HP: 36/36 MP: 13/19
  2699 | D:5      | Found a radiant altar of Vehumet.
  2704 | D:5      | Became a worshipper of Vehumet
  2855 | D:5      | Noticed Eustachio
  2864 | D:5      | Killed Eustachio
  3150 | D:5      | Found an opulent altar of Gozag.
  3344 | D:6      | Noticed Duvessa
  3345 | D:6      | Noticed Dowan
  3363 | D:6      | Killed Duvessa
  3367 | D:6      | Killed from afar by Dowan

Illustrated notes

Levels and vault maps discovered:
D:1:      dpeg_arrival_water_fire, layout_basic, ebering_ecumenical_altar_rust,
          solitary_fountain
D:2:      layout_basic, uniq_terence, uniq_crazy_yiuf_cottage
D:3:      layout_basic, mainiacjoe_overflow_brackets, fedhas_ov_isle_minmay,
          mainiacjoe_overflow_boulevard, serial_shops, nicolae_shop_peninsula,
          uniq_robin
D:4:      layout_cave_pools, grunt_temple_overflow_order_and_chaos_1,
          mainiacjoe_overflow_six_doors_small, serial_park,
          serial_park_fountain, serial_park_tiny_1, serial_park_square2,
          serial_park_square3 [serial_park_minivault_5x5_8]
D:5:      layout_basic, grunt_gozag_breadcrumbs, kennysheep_little_box,
          minmay_misc_feat_alley, fountainhead, uniq_sigmund, uniq_ijyb,
          uniq_eustachio
D:6:      layout_basic, overflow_temple_1_default,
          minmay_temple_entry_nine_rooms, serial_glass, glass_columns_a,
          glass_columns_c, uniq_pikel, uniq_duvessa, uniq_maggie

Skill      XL: |  1  2  3  4  5  6  7 |
---------------+----------------------+-----
Spellcasting   | 4 5 6 7 |  7.7
Conjurations   | 5 6 7 |  7.4
Translocations | 1 3 4 |  4.3
Dodging        | |  2.4
Stealth        | |  2.4

Action                     |  1- 3 |  4- 6 |  7- 9 || total
---------------------------+-------+-------+-------++-------
  Melee: Unarmed           |     2 |       |       ||     2
         Dagger            |    37 |    39 |     2 ||    78
         Punch             |       |     1 |       ||     1
   Cast: Magic Dart        |    27 |    23 |       ||    50
         Searing Ray       |     7 |    19 |    10 ||    36
         Iskenderun's Myst |       |       |     2 ||     2
    Use: Potion            |       |       |     2 ||     2
   Stab: Sleeping          |     6 |     5 |       ||    11
 Armour: Robe              |     8 |     9 |     1 ||    18
  Dodge: Dodged            |    30 |    26 |    14 ||    70
  Block: Other             |     2 |    13 |     4 ||    19
         Reflection        |       |     1 |       ||     1

Table legend: (Time is in decaauts)
 A = Elapsed time spent in this place.
 B = Non-inter-level travel time spent in this place.
 C = Inter-level travel time spent in this place.
 D = Time resting spent in this place.
 E = Time spent auto-exploring this place.
 F = Levels seen in this place.
 G = Mean time per level.
                   A        B        C        D        E       F      G
               +--------+--------+--------+--------+--------+-----+--------+
         Total |   3373 |   3120 |    253 |     19 |      0 |   6 |  562.2 |
       Dungeon |   3373 |   3120 |    253 |     19 |      0 |   6 |  562.2 |
               +--------+--------+--------+--------+--------+-----+--------+

Top non-repeatable levels by time:
     D:2: 831 daAuts
     D:1: 810 daAuts
     D:3: 679 daAuts
     D:5: 655 daAuts
     D:4: 328 daAuts
     D:6: 67 daAuts
